 Dungeon Crawl Stone Soup version 0.31.0-9-g3a7656b989 (webtiles) character file.

Game seed: 9001702060549124980

58 Descartes the Scratcher (level 3, 0/18 HPs)
             Began as a Felid Shapeshifter on Feb 6, 2024.
             Slain by a cerulean imp
             ... wielding a +1 spear
             ... summoned by Natasha
              (5 damage)
             ... on level 2 of the Dungeon on Feb 7, 2024.
             The game lasted 00:02:19 (1161 turns).

Descartes the Scratcher (Felid Shapeshifter)        Turns: 1161, Time: 00:02:20

Health: 0/18       AC:  1    Str: 12    XL:     3   Next: 75%
Magic:  4/4        EV: 17    Int: 13    God:
Gold:   37         SH:  0    Dex: 15    Spells: 2/2 levels left
                                        Lives:  0   Deaths: 1

rFire   . .          .
                       - Unarmed
rCold   . . .        (shield unavailable)
rNeg    . . .        (body armour unavailable)
rPois   .            (helmet unavailable)
rElec   .            (cloak unavailable)
rCorr   .            (gloves unavailable)
SInv    +            (boots unavailable)
Will    .....        (no amulet)
Stlth   +            (no ring)
HPRegen 0.23/turn    (no ring)
MPRegen 0.09/turn

%: no passive effects
@: beast-form
A: beast (slay +1), very small, claws 1, fangs 3, see invisible, shaggy fur 1,
stealthy paws, no weapons or thrown items, no armour, multi-lived
a: Begin Untransformation


You were on level 2 of the Dungeon.
You were a hulking beast.
You visited 1 branch of the dungeon, and saw 2 of its levels.

You collected 37 gold pieces.

Inventory:

Talismans
 b - a beast talisman
 c - a flux talisman
Scrolls
 e - a scroll of fog {unknown}
 h - a scroll of teleportation {unknown}
 i - a scroll of enchant weapon {unknown}
Potions
 a - a potion of lignification
 d - 3 potions of mutation {unknown}
 f - 2 potions of attraction {unknown}
 g - a potion of haste {unknown}


   Skills:
 - Level 1.0 Fighting
 - Level 2.6 Dodging
 + Level 4.7 Unarmed Combat
 - Level 2.6 Shapeshifting


You had 2 spell levels left.
You didn't know any spells.
Your spell library contained the following spells:

 Spells                   Type           Power      Damage    Failure   Level
 Sandblast                Erth           0%         2d4       30%         1
 Passwall                 Erth           0%         N/A       67%         3
 Stone Arrow              Conj/Erth      0%         3d7       67%         3
 Brom's Barrelling Bould  Conj/Erth      0%         2d3       97%         4


Dungeon Overview and Level Annotations

Branches:
Dungeon (2/15)

Altars:

Annotations:
D:2 Natasha


Innate Abilities, Weirdness & Mutations

You are a hulking beast.
Your limbs bulge with bestial killing power. (Slay +1)
You have sharp claws.
You have razor-sharp teeth.
You have supernaturally acute eyesight. (SInv)
You are covered in fur. (AC +1)
Your paws help you pounce on unaware monsters.
You are incapable of wielding weapons or throwing items.
You cannot wear armour.
You gain extra lives every three experience levels.


Message History

The cerulean imp completely misses you. Natasha barely misses you.
Unknown command.
You claw Natasha!
Natasha is almost dead.
The cerulean imp hits you from afar with a +2 spear.
You die...
Your shape twists and changes as you die.
Natasha misses you.
You rejoin the land of the living...
A cerulean imp is nearby!
The cerulean imp hits you with a +4 spear!
Natasha casts a spell.
You scratch the cerulean imp. You claw the cerulean imp.
The cerulean imp is heavily wounded.
The cerulean imp closely misses you. The cerulean imp barely misses you.
You claw the cerulean imp!
You kill the cerulean imp!
The cerulean imp disappears in a puff of smoke!
The cerulean imp misses you.
Natasha casts a spell.
The cerulean imp hits you with a +1 spear.
* * * LOW HITPOINT WARNING * * *
The cerulean imp closely misses you.
Natasha mumbles some strange words.
Natasha shimmers violently.
You are too injured to fight recklessly!
You are too injured to fight recklessly!
You are too injured to fight recklessly!
You are too injured to fight recklessly!
You are too injured to fight recklessly!
You are too injured to fight recklessly!
You are too injured to fight recklessly!
You are too injured to fight recklessly!
You are too injured to fight recklessly!
You are too injured to fight recklessly!
You are too injured to fight recklessly!
You are too injured to fight recklessly!
Unknown command.
The cerulean imp hits you from afar with a +1 spear.
You die...

######.##..##. #..###.#.......
............. ##..# #......#..
...........## #...# #.###.....
..........†.# ###...##...##......
......>...#.###.....##...#.>.#...
..........#.##..#..#5...##....)..
..........#.##....5h.#..##.###...
........(.#.#..>§.5###.....###†#.
..........#.....h###...........##
...........)................####
.....(.....#......###.#....##
##.#####.###....### #.....###
#.##.†..........####.......#####
##....##...#.#............#......
....####..........##......#######
...<# #....##....##.##...# ...†#
#...###.....#.######


You could see Natasha and 3 cerulean imps.

Vanquished Creatures
  A gnoll (D:1)
  2 adders (D:2)
  A dart slug (D:1)
  4 ball pythons
  An endoplasm (D:1)
  2 goblins
  4 hobgoblins
  3 quokkas (D:1)
  A bat (D:1)
  3 kobolds
  5 rats
27 creatures vanquished.

Notes
Turn   | Place    | Note
-------+----------+-------------------------------------------
     0 | D:1      | Descartes the Felid Shapeshifter began the quest for the
                  | Orb.
     0 | D:1      | Reached XP level 1. HP: 10/10 MP: 2/2
    77 | D:1      | Reached XP level 2. HP: 5/14 MP: 3/3
   381 | D:1      | Reached skill level 4 in Unarmed Combat
  1009 | D:2      | Reached XP level 3. HP: 18/18 MP: 4/4
  1133 | D:2      | Noticed Natasha
  1148 | D:2      | Slain by a cerulean imp
  1148 | D:2      | Lost a life (0 lives remaining)
  1161 | D:2      | Slain by a cerulean imp

Illustrated notes

Levels and vault maps discovered:
D:1:      dpeg_arrival_more_subterranean_lakeside_camping, layout_basic
D:2:      layout_rooms, uniq_terence, uniq_robin, uniq_crazy_yiuf_cottage,
          uniq_natasha

Skill      XL: |  1  2 |
---------------+-------+-----
Unarmed Combat | 4 |  4.7
Fighting       | |  1.0
Dodging        | |  2.6
Shapeshifting  | |  2.6

Action                     || total
---------------------------++-------
  Melee: Unarmed           ||    65
         Bite              ||     4
         Punch             ||     1
   Stab: Sleeping          ||     1
 Armour: Skin              ||    21
  Dodge: Dodged            ||    54
